 Dungeon Crawl Stone Soup version 0.16.1-18-g436b03c (webtiles) character file.

56 Mellonil the Bolt Thrower (level 4, 0/25 HPs)
             Began as a Kobold Arcane Marksman on Apr 30, 2015.
             Succumbed to an adder's poison
             ... on level 2 of the Dungeon on May 1, 2015.
             The game lasted 00:09:56 (1061 turns).

Mellonil the Bolt Thrower (Kobold Arcane Marksman)  Turns: 1061, Time: 00:09:56

Health: 0/25       AC:  3    Str:  9    XL:     4   Next: 15%
Magic:  6/6        EV: 16    Int: 16    God:
Gold:   87         SH:  0    Dex: 16    Spells: 2 memorised, 2 levels left

rFire  + . .     SeeInvis .     b - +0 hand crossbow
rCold  + . .     Clarity  .     a - +0 robe
rNeg   . . .     SustAb   .     (no shield)
rPois  +         Gourm    .     h - +0 helmet
rElec  +         Spirit   .     (no cloak)
rCorr  +         Warding  .     (no gloves)
rMut   .         Stasis   .     (no boots)
MR     .....                    (no amulet)
Stlth  +.........               (no ring)
                                (no ring)

@: brilliant, lethally poisoned (0 -> -2), resistant, not resistant to hostile
enchantments, very unstealthy
A: carnivore 3
a: no special abilities


You were on level 2 of the Dungeon.
You were very full.

You visited 1 branch of the dungeon, and saw 2 of its levels.

You collected 87 gold pieces.

Inventory:

Hand weapons
 b - a +0 hand crossbow (weapon)
Armour
 a - a +0 robe (worn)
 h - a +0 helmet (worn)
 m - a +2 leather armour of cold resistance
Jewellery
 l - an uncursed ring of flight {unknown}
Scrolls
 i - 2 scrolls of remove curse {unknown}
 j - 2 scrolls of blinking {unknown}
 k - a scroll of fog {unknown}
 p - 2 scrolls of identify {unknown}
 q - a scroll of teleportation {unknown}
Books
 d - a book of Debilitation

   Spells                             Type                      Level
   a - Corona                         Hexes                        1
   b - Slow                           Hexes                        2
   c - Inner Flame                    Hexes/Fire                   3
   d - Enslavement                    Hexes                        4
   e - Cause Fear                     Hexes                        4
   f - Leda's Liquefaction            Hexes/Earth                  4
Comestibles
 f - 3 meat rations
 n - a slice of pizza


   Skills:
 + Level 1.5 Fighting
 * Level 3.7 Crossbows
 * Level 3.0 Dodging
 + Level 1.4 Spellcasting
 + Level 3.2 Hexes


You had 2 spell levels left.
You knew the following spells:

 Your Spells              Type           Power        Failure   Level  Hunger
a - Corona                Hex            ###....      1%          1    ##.....
b - Slow                  Hex            ###.....     1%          2    ###....


Dungeon Overview and Level Annotations

Branches:
Dungeon (2/15)

Altars:


Innate Abilities, Weirdness & Mutations

You are small and have problems with some larger weapons.
You are carnivorous and can eat meat at any time.


Message History

* * * LOW HITPOINT WARNING * * *
You feel sick.
Drink which item? (? for menu, Esc to quit)
It was a potion of brilliance.
You feel clever all of a sudden.
* * * LOW HITPOINT WARNING * * *
You feel sick.
* * * LOW HITPOINT WARNING * * *
You feel sick.
* * * LOW HITPOINT WARNING * * *
You feel sick.
* * * LOW HITPOINT WARNING * * *
You feel sick.
* * * LOW HITPOINT WARNING * * *
You feel sick.
* * * LOW HITPOINT WARNING * * *
You feel sick.
* * * LOW HITPOINT WARNING * * *
You feel sick.
You die...

.#....#......#......#####....#.
.###..##....##.......[..#....#.
#.####..#.[..#..#.....(..#....#.
#>.................%.....#....#.
########.#......#........#......
#........#........#......
###......######..######..
######.# ###.######.. #@#
#........#.. #....((..#
#........#.. #........#
#........#.. #........#
#........##+ #..(.....#
#........##. ######.##
#........##. #.## ##........##.
#.#....######รท###. #.#.##.# #.#
#.


There were no monsters in sight!

Vanquished Creatures
  3 adders (D:2)
  A worm (D:2)
  A giant gecko (D:2)
  5 bats
  4 goblins
  A hobgoblin (D:1)
  3 kobolds
  A giant newt (D:2)
  4 rats
23 creatures vanquished.

Notes
Turn   | Place    | Note
--------------------------------------------------------------
     0 | D:1      | Mellonil, the Kobold Arcane Marksman, began the quest for the Orb.
     0 | D:1      | Reached XP level 1. HP: 12/12 MP: 2/2
   167 | D:1      | Reached XP level 2. HP: 16/16 MP: 3/3
   535 | D:2      | Reached XP level 3. HP: 18/20 MP: 4/4
   571 | D:2      | Learned a level 2 spell: Slow
  1034 | D:2      | Reached XP level 4. HP: 10/25 MP: 6/6
  1057 | D:2      | HP: 1/25 [poisoned by an adder]
  1061 | D:2      | Succumbed to an adder's poison

Action                   |  1- 3 |  4- 6 || total
-------------------------+-------+-------++-------
 Fire: Hand crossbow     |    61 |       ||    61
  Use: Potion            |       |     3 ||     3
  Eat: Chunk             |     8 |       ||     8
